MID
LANSING LUGNUTS @ WEST MICHIGAN WHITECAPS
07/16/2044
 
TOP OF THE 1ST
Lansing Lugnuts batting - Pitching for West Michigan Whitecaps : RHP Juan Murillo
Pitching: RHP Juan Murillo
Batting: RHB Elliot Manfredini 0-0: Ball
1-0: Ball
2-0: Ball
3-0: Called Strike
3-1: Fly out, F8 (Line Drive, 8RD, EV 96.9 MPH)
Batting: RHB Finn Ross 0-0: Called Strike
0-1: Called Strike
0-2: Fly out, F6 (Flyball, 56D, EV 95.0 MPH)
Batting: LHB David Ramirez 0-0: Ball
1-0: Called Strike
1-1: Ball
2-1: Ball
3-1: Base on Balls
Batting: RHB Takanibu Kaneshiro 0-0: Ball
1-0: Called Strike
1-1: Ball
David Ramirez is caught stealing 2nd base 2-4
Top of the 1st over - 0 runs, 0 hits, 0 errors, 0 left on base; Lansing 0 - West Michigan 0
BOTTOM OF THE 1ST
West Michigan Whitecaps batting - Pitching for Lansing Lugnuts : RHP Tony Riesco
Pitching: RHP Tony Riesco
Batting: RHB Yaremka Rzhevsky 0-0: Ball
1-0: Called Strike
1-1: Ball
2-1: Ball
3-1: Fly out, F9 (Flyball, 89S, EV 90.6 MPH)
Batting: RHB Mike Olsen 0-0: Ball
1-0: Ball
2-0: Ground out U3 (Groundball, 13, EV 85.0 MPH)
Batting: SHB Andy Vivas 0-0: Ball
1-0: Ball
2-0: Called Strike
2-1: SINGLE (Groundball, 34S, EV 75.0 MPH) (infield hit)
Batting: RHB Bill Cabrera 0-0: Ball
1-0: Ball
2-0: Called Strike
2-1: Foul Ball, location: 2F
2-2: Ball
3-2: Base on Balls
Andy Vivas to second
Batting: RHB Jon Pierce 0-0: Called Strike
0-1: Ball
1-1: Fly out, F7 (Line Drive, 7, EV 90.0 MPH)
Bottom of the 1st over - 0 runs, 1 hit, 0 errors, 2 left on base; Lansing 0 - West Michigan 0
TOP OF THE 2ND
Lansing Lugnuts batting - Pitching for West Michigan Whitecaps : RHP Juan Murillo
Batting: RHB Takanibu Kaneshiro 0-0: Ball
1-0: Called Strike
1-1: Swinging Strike
1-2: Strikes out swinging
Batting: RHB Bryan Westray 0-0: Ground out 5-3 (Groundball, 56, EV 101.3 MPH)
Batting: RHB B.J. Worthy 0-0: Called Strike
0-1: Fly out, F8 (Flyball, 8LXD, EV 103.8 MPH)
Top of the 2nd over - 0 runs, 0 hits, 0 errors, 0 left on base; Lansing 0 - West Michigan 0
BOTTOM OF THE 2ND
West Michigan Whitecaps batting - Pitching for Lansing Lugnuts : RHP Tony Riesco
Batting: RHB Victor Reyes 0-0: Ball
1-0: Called Strike
1-1: SINGLE (Groundball, 4MS, EV 70.0 MPH) (infield hit)
Batting: RHB Mike Patterson 0-0: Ball
1-0: Ball
2-0: Foul Ball, location: 2F
2-1: Ball
3-1: Foul Ball, location: 2F
3-2: Foul Ball, location: 2F
3-2: Base on Balls
Victor Reyes to second
Batting: RHB Sergio Valbuena 0-0: Ball
1-0: Called Strike
1-1: Foul Ball, location: 2F
1-2: Ball
2-2: Ball
3-2: Foul Ball, location: 2F
3-2: Strikes out swinging
Batting: RHB Rocky Hart 0-0: Called Strike
0-1: Called Strike
0-2: Ball
1-2: Ball
2-2: Ball
3-2: Foul Ball, location: 2F
3-2: Strikes out swinging
Batting: RHB Yaremka Rzhevsky 0-0: Swinging Strike
0-1: Fly out, F9 (Flyball, 89M, EV 78.1 MPH)
Bottom of the 2nd over - 0 runs, 1 hit, 0 errors, 2 left on base; Lansing 0 - West Michigan 0
TOP OF THE 3RD
Lansing Lugnuts batting - Pitching for West Michigan Whitecaps : RHP Juan Murillo
Batting: RHB Luis Reyes 0-0: Ball
1-0: Ground out U3 (Groundball, 34, EV 104.4 MPH)
Batting: RHB Corey Davis 0-0: Called Strike
0-1: Ball
1-1: Fly out, F4 (Popup, 4, EV 62.5 MPH)
Batting: RHB Darren McCarty Jr. 0-0: Called Strike
0-1: Foul Ball, location: 2F
0-2: Ball
1-2: Strikes out swinging
Top of the 3rd over - 0 runs, 0 hits, 0 errors, 0 left on base; Lansing 0 - West Michigan 0
BOTTOM OF THE 3RD
West Michigan Whitecaps batting - Pitching for Lansing Lugnuts : RHP Tony Riesco
Batting: RHB Mike Olsen 0-0: Ball
1-0: Ball
2-0: Ball
3-0: Base on Balls
Batting: SHB Andy Vivas 0-0: Fly out, F5 (Popup, 5F, EV 80.6 MPH)
Batting: RHB Bill Cabrera 0-0: Foul Ball, location: 2F
0-1: Swinging Strike
0-2: Ball
1-2: Ball
2-2: Strikes out swinging
Batting: RHB Jon Pierce 0-0: Ball
1-0: Called Strike
1-1: SINGLE (Groundball, 4MD, EV 97.5 MPH)
Mike Olsen to second
Runner from 2nd tries for 3rd, OUT after rundown.
Bottom of the 3rd over - 0 runs, 1 hit, 0 errors, 1 left on base; Lansing 0 - West Michigan 0
TOP OF THE 4TH
Lansing Lugnuts batting - Pitching for West Michigan Whitecaps : RHP Juan Murillo
Batting: RHB Elliot Manfredini 0-0: Ball
1-0: Ball
2-0: Swinging Strike
2-1: DOUBLE (Line Drive, 89XD, EV 101.3 MPH)
Batting: RHB Finn Ross 0-0: Foul Ball, location: 2F
0-1: Foul Ball, location: 2F
0-2: Strikes out swinging
Batting: LHB David Ramirez 0-0: Foul Ball, location: 2F
0-1: Ball
1-1: Ball
2-1: Ball
3-1: Fly out, F8 (Line Drive, 8LM, EV 101.3 MPH)
Batting: RHB Takanibu Kaneshiro 0-0: SINGLE (Flyball, 34D, EV 95.6 MPH)
Elliot Manfredini to third
Batting: RHB Bryan Westray 0-0: Called Strike
0-1: Ball
1-1: Called Strike
1-2: Foul Ball, location: 2F
1-2: Foul Ball, location: 2F
1-2: Strikes out swinging
Top of the 4th over - 0 runs, 2 hits, 0 errors, 2 left on base; Lansing 0 - West Michigan 0
BOTTOM OF THE 4TH
West Michigan Whitecaps batting - Pitching for Lansing Lugnuts : RHP Tony Riesco
Batting: RHB Victor Reyes 0-0: Called Strike
0-1: Called Strike
0-2: Strikes out swinging
Batting: RHB Mike Patterson 0-0: Called Strike
0-1: Ball
1-1: Ground out 6-3 (Groundball, 6, EV 82.5 MPH)
Batting: RHB Sergio Valbuena 0-0: Called Strike
0-1: Foul Ball, location: 2F
0-2: Strikes out looking
Bottom of the 4th over - 0 runs, 0 hits, 0 errors, 0 left on base; Lansing 0 - West Michigan 0
TOP OF THE 5TH
Lansing Lugnuts batting - Pitching for West Michigan Whitecaps : RHP Juan Murillo
Batting: RHB B.J. Worthy 0-0: Ball
1-0: Ball
2-0: Called Strike
2-1: Ball
3-1: Base on Balls
Batting: RHB Luis Reyes 0-0: Called Strike
0-1: Ball
1-1: Ball
2-1: Fly out, F4 (Popup, 4, EV 72.5 MPH)
Batting: RHB Corey Davis 0-0: Grounds into double play, 2-6-3 (Groundball, 2R, EV 58.1 MPH)
Top of the 5th over - 0 runs, 0 hits, 0 errors, 0 left on base; Lansing 0 - West Michigan 0
BOTTOM OF THE 5TH
West Michigan Whitecaps batting - Pitching for Lansing Lugnuts : RHP Tony Riesco
Batting: RHB Rocky Hart 0-0: Called Strike
0-1: Called Strike
0-2: Ball
1-2: Foul Ball, location: 2F
1-2: Fly out, F9 (Line Drive, 9, EV 89.4 MPH)
Batting: RHB Yaremka Rzhevsky 0-0: Ball
1-0: Called Strike
1-1: Swinging Strike
1-2: Ball
2-2: Ball
3-2: Fly out, F2 (Popup, 2RF, EV 95.6 MPH)
Batting: RHB Mike Olsen 0-0: Ball
1-0: Ball
2-0: Ground out U3 (Groundball, 34, EV 85.0 MPH)
Bottom of the 5th over - 0 runs, 0 hits, 0 errors, 0 left on base; Lansing 0 - West Michigan 0
TOP OF THE 6TH
Lansing Lugnuts batting - Pitching for West Michigan Whitecaps : RHP Juan Murillo
Batting: RHB Darren McCarty Jr. 0-0: Called Strike
0-1: Ball
1-1: Called Strike
1-2: Ground out 1-3 (Groundball, 13S, EV 73.8 MPH)
Batting: RHB Elliot Manfredini 0-0: SINGLE (Flyball, 4D, EV 88.8 MPH)
Batting: RHB Finn Ross 0-0: Called Strike
0-1: Ball
1-1: Called Strike
1-2: Fly out, F8 (Flyball, 89S, EV 90.0 MPH)
Batting: LHB David Ramirez 0-0: Called Strike
0-1: Fielders Choice at 2nd, 6-4 (Groundball, 6, EV 90.6 MPH)
Top of the 6th over - 0 runs, 1 hit, 0 errors, 1 left on base; Lansing 0 - West Michigan 0
BOTTOM OF THE 6TH
West Michigan Whitecaps batting - Pitching for Lansing Lugnuts : RHP Tony Riesco
Batting: SHB Andy Vivas 0-0: Foul Ball, location: 2F
0-1: Ball
1-1: Ball
2-1: Foul Ball, location: 2F
2-2: Strikes out looking
Batting: RHB Bill Cabrera 0-0: Swinging Strike
0-1: Ball
1-1: Foul Ball, location: 2F
1-2: SINGLE (Groundball, 6D, EV 105.6 MPH)
Batting: RHB Jon Pierce 0-0: Called Strike
0-1: Fly out, F8 (Line Drive, 8LM, EV 95.6 MPH)
Batting: RHB Victor Reyes 0-0: Ball
1-0: SINGLE (Line Drive, 9S, EV 111.9 MPH)
Bill Cabrera to second
Batting: RHB Mike Patterson 0-0: Ball
1-0: Ball
2-0: Foul Ball, location: 2F
2-1: Foul Ball, location: 2F
2-2: Fielders Choice at 2nd, 6-4 (Groundball, 6, EV 89.4 MPH)
Bottom of the 6th over - 0 runs, 2 hits, 0 errors, 2 left on base; Lansing 0 - West Michigan 0
TOP OF THE 7TH
Lansing Lugnuts batting - Pitching for West Michigan Whitecaps : RHP Juan Murillo
Batting: RHB Takanibu Kaneshiro 0-0: Ball
1-0: Ball
2-0: Ball
3-0: Base on Balls
Pinch Hitting: SHB Jose Garcia 0-0: Ball
1-0: Fly out, F8 (Flyball, 8RM, EV 91.9 MPH)
Pinch Hitting: LHB Roger Escareno 0-0: Called Strike
0-1: Ball
1-1: Grounds into double play, 6-4-3 (Groundball, 6, EV 83.8 MPH)
Top of the 7th over - 0 runs, 0 hits, 0 errors, 0 left on base; Lansing 0 - West Michigan 0
BOTTOM OF THE 7TH
West Michigan Whitecaps batting - Pitching for Lansing Lugnuts : RHP Tony Riesco
Pitching: RHP Jordan Jacobo
Now at 3B: Roger Escareno
Now in LF: Dan Martinez
Batting: RHB Sergio Valbuena 0-0: Foul Ball, location: 2F
0-1: Swinging Strike
0-2: Ball
1-2: Ball
2-2: Ball
3-2: Ground out 6-3 (Groundball, 6M, EV 89.4 MPH)
Batting: RHB Rocky Hart 0-0: Ball
1-0: Foul Ball, location: 2F
1-1: Foul Ball, location: 2F
1-2: Ball
2-2: Strikes out looking
Batting: RHB Yaremka Rzhevsky 0-0: Called Strike
0-1: Ball
1-1: Called Strike
1-2: SINGLE (Groundball, 6D, EV 106.9 MPH)
Batting: RHB Mike Olsen 0-0: Ball
Yaremka Rzhevsky is caught stealing 2nd base 2-4
Bottom of the 7th over - 0 runs, 1 hit, 0 errors, 0 left on base; Lansing 0 - West Michigan 0
TOP OF THE 8TH
Lansing Lugnuts batting - Pitching for West Michigan Whitecaps : RHP Juan Murillo
Pitching: RHP Vince Stocker
Batting: RHB Luis Reyes 0-0: Ball
1-0: Ground out 6-3 (Groundball, 6M, EV 82.5 MPH)
Batting: RHB Corey Davis 0-0: Ground out 5-3 (Groundball, 5L, EV 78.8 MPH)
Batting: RHB Darren McCarty Jr. 0-0: Called Strike
0-1: Ball
1-1: Ball
2-1: Ball
3-1: Base on Balls
Batting: RHB Elliot Manfredini Pickoff Throw to First - Out! 1-3
Top of the 8th over - 0 runs, 0 hits, 0 errors, 0 left on base; Lansing 0 - West Michigan 0
BOTTOM OF THE 8TH
West Michigan Whitecaps batting - Pitching for Lansing Lugnuts : RHP Jordan Jacobo
Batting: RHB Mike Olsen 0-0: Ball
1-0: Swinging Strike
1-1: Fly out, F8 (Line Drive, 8LM, EV 91.3 MPH)
Batting: SHB Andy Vivas 0-0: Ground out 5-3 (Groundball, 56S, EV 88.8 MPH)
Batting: RHB Bill Cabrera 0-0: Foul Ball, location: 2F
0-1: Ball
1-1: Ball
2-1: Foul Ball, location: 2F
2-2: Strikes out swinging
Bottom of the 8th over - 0 runs, 0 hits, 0 errors, 0 left on base; Lansing 0 - West Michigan 0
TOP OF THE 9TH
Lansing Lugnuts batting - Pitching for West Michigan Whitecaps : RHP Vince Stocker
Pitching: RHP Stacey Kerssies
Batting: RHB Elliot Manfredini 0-0: Ball
1-0: Swinging Strike
1-1: Swinging Strike
1-2: Ball
2-2: Ball
3-2: Strikes out looking
Batting: RHB Finn Ross 0-0: Ball
1-0: Ground out U3 (Groundball, 34S, EV 83.8 MPH)
Batting: LHB David Ramirez 0-0: Called Strike
0-1: Ball
1-1: Foul Ball, location: 2F
1-2: Strikes out looking
Top of the 9th over - 0 runs, 0 hits, 0 errors, 0 left on base; Lansing 0 - West Michigan 0
BOTTOM OF THE 9TH
West Michigan Whitecaps batting - Pitching for Lansing Lugnuts : RHP Jordan Jacobo
Pitching: RHP Andres Lozano
Batting: RHB Jon Pierce 0-0: Ball
1-0: Foul Ball, location: 2F
1-1: Foul Ball, location: 2F
1-2: Ball
2-2: Foul Ball, location: 2F
2-2: DOUBLE (Flyball, 8LXD, EV 88.1 MPH)
Batting: RHB Victor Reyes 0-0: Ball
1-0: Called Strike
1-1: Called Strike
1-2: Ball
2-2: SINGLE (Groundball, 56D, EV 99.4 MPH)
Jon Pierce to third
Batting: RHB Mike Patterson 0-0: Ball
1-0: Fly out, F8 (Flyball, 8RD, EV 85.0 MPH)
Batting: RHB Sergio Valbuena 0-0: Ball
1-0: Swinging Strike
1-1: Foul Ball, location: 2F
1-2: Ball
2-2: Reached on error, E6 (Groundball, 6, EV 88.8 MPH)
Jon Pierce scores
Bottom of the 9th over - 1 run, 2 hits, 1 error, 0 left on base; Lansing 0 - West Michigan 1
Game Over ... West Michigan defeats Lansing, 1 to 0
Thursday, March 31st , 2022 - OOTP Baseball 22.12 Build 89